 Dungeon Crawl Stone Soup version 0.31-a0-986-g5e6e4ef867 (webtiles) character file.

Game seed: 6898479277306888277

517 gelatine the Covered (level 7, -3/53 HPs)
             Began as a Demonspawn Fighter on Nov 22, 2023.
             Killed by nerve-wracking pain
             ... invoked by an orc priest
              (12 damage)
             ... on level 5 of the Dungeon.
             The game lasted 00:10:09 (4478 turns).

gelatine the Covered (Demonspawn Fighter)           Turns: 4478, Time: 00:10:09

Health: -3/53      AC:  9    Str: 18    XL:     7   Next: 0%
Magic:  7/7        EV: 10    Int:  9    God:
Gold:   326        SH:  9    Dex: 13    Spells: 6/6 levels left

rFire   . .          .
                       - Unarmed
rCold   . . .        c - +0 buckler
rNeg    . . .        b - +0 scale mail
rPois   .            (no helmet)
rElec   .            (no cloak)
rCorr   .            (gloves unavailable)
SInv    .            (no boots)
Will    .....        (no amulet) Stlth
                     (no ring)
HPRegen 0.28/turn    (no ring)
MPRegen 0.10/turn

%: no passive effects
@: no status effects
A: claws 3, icy blue scales 1, condensation shield
a: no special abilities


You were on level 5 of the Dungeon.
You visited 2 branches of the dungeon, and saw 6 of its levels.

You collected 326 gold pieces.

Inventory:

Hand Weapons
 a - a +0 war axe
Missiles
 e - 63 stones
 j - 16 poisoned darts (quivered)
Armour
 b - a +0 scale mail (worn)
 c - a +0 buckler (worn)
 o - a +0 kite shield
 u - a +0 plate armour
 z - the +0 robe of Nakeupnu {Int+3}
   (You found it on level 4 of the Dungeon)

   Int+3:     It affects your intelligence (+3).
Scrolls
 f - 4 scrolls of identify {unknown}
 g - a scroll of poison {unknown}
 i - 4 scrolls of amnesia {unknown}
 k - 3 scrolls of fog {unknown}
 l - a scroll of butterflies {unknown}
 n - a scroll of enchant armour {unknown}
 s - a scroll of teleportation {unknown}
 t - a scroll of noise {unknown}
 v - a scroll of blinking {unknown}
 w - a scroll of vulnerability {unknown}
 y - a scroll of enchant weapon {unknown}
Potions
 d - a potion of might
 h - 2 potions of mutation {unknown}
 m - a potion of berserk rage {unknown}
 p - 2 potions of ambrosia {unknown}
 q - 2 potions of lignification {unknown}
 r - a potion of heal wounds {unknown}
 x - a potion of brilliance {unknown}
 A - 2 potions of attraction {unknown}


   Skills:
 * Level 3.8 Fighting
 + Level 2.2 Axes
 + Level 0.3 Throwing
 * Level 4.3 Armour
 * Level 1.9 Dodging
 + Level 0.1 Stealth
 * Level 3.6 Shields
 * Level 3.4 Unarmed Combat


You had 6 spell levels left.
You didn't know any spells.
Your spell library contained the following spells:

 Spells                   Type           Power      Damage    Failure   Level
 Lesser Beckoning         Tloc           0%         N/A       93%         2
 Dazzling Flash           Conj/Hex       0%         N/A       99%         3
 Gell's Gravitas          Tloc           0%         N/A       99%         3
 Teleport Other           Tloc           0%         N/A       99%         3
 Volatile Blastmotes      Fire/Tloc      0%         2d10      99%         3
 Starburst                Conj/Fire      0%         6d3       100%        6
 Maxwell's Capacitive Co  Air            0%         ∞         100%        8


Dungeon Overview and Level Annotations

Branches:
Dungeon (5/15)             Temple (1/1) D:5

Altars:
Cheibriados
Gozag
Hepliaklqana
Kikubaaqudgha
Makhleb
Nemelex Xobeh
Okawaru
Qazlal
Sif Muna
Vehumet
Wu Jian
Xom

Annotations:
D:4 2 transporters, javelincjr's ghost, amateur OpSh


Innate Abilities, Weirdness & Mutations

You have claws for hands.
You are partially covered in icy blue scales. (AC +2)
A meltable shield of frost defends you. (SH +4)


Message History

The poisoned dart barely misses the orc.
You throw a poisoned dart.
The poisoned dart closely misses the orc.
You claw the orc!
You kill the orc!
You have reached level 7!
Your demonic ancestry asserts itself...
Icy blue scales grow over part of your body.
You scratch the orc but do no damage. The orc hits you but does no damage.
You scratch the orc but do no damage. You block the orc's attack.
You claw the orc!
You kill the orc!
Things that are here:
a +0 club; a +0 ring mail; a +0 whip An orc and an orc priest come into view.
The orc shouts!
The orc priest shouts!
The orc priest looks braver for a moment.
You see here a poisoned dart.
You throw a poisoned dart. The poisoned dart hits the orc.
The orc priest invokes the aid of Beogh against you.
Beogh smites you!
You throw a poisoned dart.
The poisoned dart closely misses the orc.
The orc priest begins to cast a cantrip, but forgets the words!
The orc hits you but does no damage.
You claw the orc!
You kill the orc!
The orc priest invokes the aid of Beogh against you.
Beogh smites you!
The orc priest invokes the aid of Beogh against you.
Beogh smites you!
Things that are here:
a +0 hand axe; an orc corpse The orc priest mumbles some strange prayers to Beogh against you.
Pain shoots through your body!
* * * LOW HITPOINT WARNING * * *
You see here 2 poisoned darts.
The orc priest invokes the aid of Beogh against you.
Pain shoots through your body!
You die...

#. #. #.# .. ##.. ##.
#...##.. #......
#.....# ###..o..## #
#.....@.(####.#
##.####()(#...#
###...# #)### ##.#
##..# #######
#..##..##
..##..########......#
.###..............#.##
.#


You could see an orc priest.

Vanquished Creatures
  2 ogres
  A phantom (D:5)
  4 hounds
  An iguana (D:4)
  An orc wizard (D:5)
  An adder (D:3)
  A white imp (D:5)
  2 ufetubi (D:5)
  5 dart slugs (D:5)
  6 orcs
  3 endoplasms
  2 giant cockroaches
  3 goblins (D:1)
  5 hobgoblins
  7 jackals
  8 kobolds
  3 quokkas
  4 ball pythons
  4 bats
  4 frilled lizards
  3 rats
70 creatures vanquished.

Notes
Turn   | Place    | Note
-------+----------+-------------------------------------------
     0 | D:1      | gelatine the Demonspawn Fighter began the quest for the
                  | Orb.
     0 | D:1      | Reached XP level 1. HP: 18/18 MP: 1/1
   174 | D:1      | You fall into a shaft and drop 1 floor!
   191 | D:2      | Gained mutation: A meltable shield of frost defends you.
                  | (SH +4) [demonic ancestry]
   191 | D:2      | Reached XP level 2. HP: 24/24 MP: 2/2
   362 | D:2      | Found a faded altar of an unknown god.
   465 | D:1      | Reached skill level 3 in Armour
  1260 | D:3      | Found a stormy altar of Qazlal.
  1270 | D:3      | Gained mutation: You have sharp fingernails. [demonic
                  | ancestry]
  1270 | D:3      | Reached XP level 3. HP: 29/29 MP: 3/3
  1837 | D:3      | Found a sparkling altar of Nemelex Xobeh.
  2604 | D:4      | Reached skill level 1 in Unarmed Combat
  2604 | D:4      | Gained mutation: You have very sharp fingernails. [demonic
                  | ancestry]
  2604 | D:4      | Reached XP level 4. HP: 14/35 MP: 4/4
  2759 | D:4      | Noticed an ogre
  2934 | D:4      | Gained mutation: You have claws for hands. [demonic
                  | ancestry]
  2934 | D:4      | Reached XP level 5. HP: 33/41 MP: 5/5
  3051 | D:4      | Killed an ogre
  3052 | D:4      | Reached skill level 1 in Dodging
  3158 | D:4      | Found a transporter.
  3160 | D:4      | Identified the +9 spear of Experimentation {venom, *Noise
                  | Fly rElec}
  3326 | D:4      | Identified the +0 robe of Nakeupnu {Int+3}
  3368 | D:4      | Found a transporter.
  3392 | D:4      | Noticed javelincjr's ghost (amateur OpSh)
  3680 | D:5      | Entered Level 5 of the Dungeon
  3736 | D:5      | Reached skill level 4 in Armour
  3767 | D:5      | Found a staircase to the Ecumenical Temple.
  3772 | Temple   | Entered the Ecumenical Temple
  4022 | D:5      | Reached XP level 6. HP: 47/47 MP: 6/6
  4467 | D:5      | Gained mutation: You are partially covered in icy blue
                  | scales. (AC +2) [demonic ancestry]
  4467 | D:5      | Reached XP level 7. HP: 53/53 MP: 7/7
  4478 | D:5      | Killed from afar by an orc priest

Illustrated notes

Levels and vault maps discovered:
D:1:      minmay_arrival_solitary_statue, layout_loops_ring,
          chequers_mini_garden, minivault_4
D:2:      layout_rooms, dilly_ecumenical_altar_fadedgnrine, hex_large,
          serial_bayou_ford_a, minmay_misc_feat_nine_boxes, minmay_pentomino_z2
D:3:      wad_lake_hut, layout_basic, mainiacjoe_overflow_swirl,
          serial_park_tiny_1
D:4:      layout_loops_ring, gammafunk_ghost_gnarly_gnolls
D:5:      kennysheep_slugbush, layout_layer_cave,
          minmay_temple_entry_glassed_door
Temple:   nicolae_temple_slightly_damp_pantheon

Skill      XL: |  1  2  3  4  5  6 |
---------------+-------------------+-----
Armour         | 3 4 |  4.3
Shields        | 3 |  3.6
Axes           | 2 |  2.2
Unarmed Combat | 1 2 3 |  3.4
Dodging        | 1 |  1.9
Fighting       | |  3.8
Throwing       | |  0.3
Stealth        | |  0.1

Action                     |  1- 3 |  4- 6 |  7- 9 || total
---------------------------+-------+-------+-------++-------
  Melee: War axe           |    73 |       |       ||    73
         Unarmed           |    65 |   115 |     4 ||   184
  Throw: Stone             |       |     1 |       ||     1
         Dart              |       |    26 |     2 ||    28
 Armour: Scale mail        |    83 |    99 |     2 ||   184
  Dodge: Dodged            |    56 |    46 |       ||   102
  Block: Buckler           |    59 |    61 |     1 ||   121

Table legend: (Time is in decaauts)
 A = Elapsed time spent in this place.
 B = Non-inter-level travel time spent in this place.
 C = Inter-level travel time spent in this place.
 D = Time resting spent in this place.
 E = Time spent auto-exploring this place.
 F = Levels seen in this place.
 G = Mean time per level.
                   A        B        C        D        E       F      G
               +--------+--------+--------+--------+--------+-----+--------+
         Total |   4555 |   4246 |    309 |      0 |   3377 |   6 |  759.2 |
       Dungeon |   4553 |   4244 |    309 |      0 |   3377 |   5 |  910.6 |
        Temple |      1 |      1 |      0 |      0 |      0 |   1 |    1.0 |
               +--------+--------+--------+--------+--------+-----+--------+

Top non-repeatable levels by time:
     D:3: 1520 daAuts
     D:4: 1015 daAuts
     D:5: 796 daAuts
     D:1: 759 daAuts
     D:2: 461 daAuts
  Temple: 1 daAuts
